2829 views
Uploaded 2020-02-16 18:14:57
Game version 1.32 / 1.32.1
41:20 long 4on4 ladder game on (8)TwilightRuins_LV
Saved by BEARAND
2829 views
Uploaded 2020-02-16 18:14:57
Game version 1.32 / 1.32.1
41:20 long 4on4 ladder game on (8)TwilightRuins_LV


115 units @ 12.9k
/ 1.6k
399 buildings @ 22.2k
/ 12.7k
ChuckleMan
(103)
(41:26) : 


| Lesser Clarity Potion | 8 | 560 |
| Healing Salve | 6 | 600 |
| Orb of Lightning | 2 | 750 |
| Scroll of Speed | 1 | 50 |
| Staff of Teleportation | 3 | 450 |
| Boots of Speed | 3 | 750 |
| Helm of Valor | 2 | 1000 |
| Claws of Attack +12 | 1 | 500 |
| total: | 26 | 4660g |
| Peon | 10 | 750 | / | 0 |
| Troll Batrider | 14 | 2240 | / | 560 |
| Goblin Shredder | 1 | 375 | / | 100 |
| Goblin Zeppelin | 1 | 240 | / | 60 |
| total: | 26 | 3605g | / | 720w |
| Watch Tower | 40 | 4400 | / | 3200 |
| Altar of Storms | 1 | 180 | / | 50 |
| Orc Burrow | 4 | 640 | / | 160 |
| Voodoo Lounge | 9 | 1170 | / | 270 |
| War Mill | 1 | 205 | / | 0 |
| Great Hall | 1 | 385 | / | 185 |
| Beastiary | 5 | 725 | / | 700 |
| Stronghold | 1 | 315 | / | 190 |
| Fortress | 1 | 325 | / | 190 |
| total: | 61 | 7705g | / | 4565w |
| 0:04 | Peon |
| 0:04 | Peon |
| 0:09 | Altar of Storms |
| 0:13 | Orc Burrow |
| 0:15 | Peon |
| 0:37 | Voodoo Lounge |
| 0:42 | Peon |
| 1:05 | War Mill |
| 1:08 | Peon |
| 1:18 | Peon |
| 1:26 | Peon |
| 1:38 | Peon |
| 1:52 | Peon |
| 2:07 | Wind Walk |
| 2:10 | Lesser Clarity Potion |
| 2:10 | Lesser Clarity Potion |
| 2:10 | Healing Salve |
| 2:10 | Healing Salve |
| 2:15 | Peon |
| 2:20 | Watch Tower |
| 3:00 | Stronghold |
| 3:03 | Watch Tower |
| 3:39 | Watch Tower |
| 3:42 | Watch Tower |
| 3:42 | Watch Tower |
| 4:20 | Orc Burrow |
| 4:28 | Watch Tower |
| 4:29 | Watch Tower |
| 4:31 | Watch Tower |
| 4:39 | Critical Strike |
| 4:46 | Watch Tower |
| 4:49 | Orc Burrow |
| 4:56 | Lesser Clarity Potion |
| 4:56 | Lesser Clarity Potion |
| 4:56 | Healing Salve |
| 5:17 | Goblin Shredder |
| 6:13 | Wind Walk |
| 6:37 | Fortress |
| 6:41 | Reinforced Defenses |
| 6:57 | Lesser Clarity Potion |
| 6:57 | Healing Salve |
| 6:58 | Lesser Clarity Potion |
| 7:01 | Hex |
| 7:25 | Beastiary |
| 7:28 | Beastiary |
| 8:19 | Orc Burrow |
| 8:42 | Voodoo Lounge |
| 8:45 | Voodoo Lounge |
| 9:31 | Voodoo Lounge |
| 9:34 | Voodoo Lounge |
| 9:38 | Healing Wave |
| 9:53 | Voodoo Lounge |
| 9:58 | Troll Batrider |
| 10:48 | Voodoo Lounge |
| 11:06 | Critical Strike |
| 11:08 | Troll Batrider |
| 11:12 | Watch Tower |
| 11:13 | Watch Tower |
| 11:34 | Great Hall |
| 11:52 | Staff of Teleportation |
| 11:59 | Boots of Speed |
| 12:11 | Endurance Aura |
| 12:23 | Orb of Lightning |
| 12:24 | Lesser Clarity Potion |
| 12:24 | Healing Salve |
| 12:24 | Lesser Clarity Potion |
| 12:25 | Healing Salve |
| 12:28 | Staff of Teleportation |
| 12:48 | Orb of Lightning |
| 13:02 | Voodoo Lounge |
| 13:32 | Boots of Speed |
| 13:47 | Boots of Speed |
| 14:00 | Watch Tower |
| 14:11 | Voodoo Lounge |
| 14:35 | Hex |
| 14:56 | Troll Batrider |
| 15:02 | Watch Tower |
| 15:03 | Watch Tower |
| 15:38 | Troll Batrider |
| 16:33 | Watch Tower |
| 16:33 | Watch Tower |
| 16:34 | Watch Tower |
| 16:34 | Watch Tower |
| 16:35 | Watch Tower |
| 16:35 | Watch Tower |
| 16:36 | Watch Tower |
| 16:37 | Watch Tower |
| 16:38 | Watch Tower |
| 16:46 | Liquid Fire |
| 17:12 | Goblin Zeppelin |
| 17:53 | Helm of Valor |
| 18:47 | Beastiary |
| 18:47 | Beastiary |
| 18:48 | Beastiary |
| 18:54 | Staff of Teleportation |
| 18:59 | War Stomp |
| 20:16 | Troll Batrider |
| 20:31 | Watch Tower |
| 20:31 | Watch Tower |
| 20:34 | Watch Tower |
| 20:35 | Watch Tower |
| 20:36 | Watch Tower |
| 22:19 | Scroll of Speed |
| 22:33 | Troll Batrider |
| 23:07 | Wind Walk |
| 23:11 | Troll Batrider |
| 23:23 | Watch Tower |
| 23:24 | Watch Tower |
| 23:25 | Watch Tower |
| 23:25 | Watch Tower |
| 23:26 | Watch Tower |
| 23:27 | Watch Tower |
| 23:27 | Watch Tower |
| 23:28 | Watch Tower |
| 23:28 | Watch Tower |
| 23:29 | Watch Tower |
| 23:31 | Watch Tower |
| 23:32 | Watch Tower |
| 25:41 | Endurance Aura |
| 25:44 | Troll Batrider |
| 26:32 | Troll Batrider |
| 27:08 | Healing Wave |
| 27:36 | Troll Batrider |
| 28:14 | Bladestorm |
| 28:45 | Troll Batrider |
| 29:08 | Troll Batrider |
| 29:29 | Helm of Valor |
| 29:32 | Claws of Attack +12 |
| 30:40 | Troll Batrider |
| 30:40 | Troll Batrider |
| 31:07 | War Stomp |
| 33:58 | Hex |
| 35:14 | Endurance Aura |
| 35:50 | Critical Strike |
| Right click | 2034 |
| Select group | 615 |
| Select | 399 |
| Use ability | 216 |
| Build/train/purchase | 165 |
| Misc. action | 119 |
| Chat | 68 |
| Resource trade | 41 |
| Assign group | 37 |
| Item give/drop | 8 |
| Minimap ping | 5 |
| Esc | 3 |



| Staff of Sanctuary | 3 | 750 |
| Potion of Mana | 3 | 600 |
| Scroll of Town Portal | 1 | 350 |
| Staff of Teleportation | 3 | 450 |
| Boots of Speed | 3 | 750 |
| Healing Salve | 2 | 200 |
| Orb of Lightning | 2 | 750 |
| Medallion of Courage | 1 | 500 |
| total: | 18 | 4350g |
| Peasant | 20 | 1500 | / | 0 |
| Priest | 1 | 135 | / | 10 |
| Dragonhawk Rider | 8 | 1600 | / | 240 |
| Goblin Shredder | 1 | 375 | / | 100 |
| Goblin Zeppelin | 2 | 480 | / | 120 |
| total: | 32 | 4090g | / | 470w |
| Scout Tower | 111 | 3330 | / | 2220 |
| Arcane Tower | 9 | 630 | / | 450 |
| Guard Tower | 53 | 3710 | / | 2650 |
| Altar of Kings | 1 | 180 | / | 50 |
| Farm | 7 | 560 | / | 140 |
| Lumber Mill | 1 | 120 | / | 0 |
| Town Hall | 2 | 770 | / | 410 |
| Arcane Vault | 2 | 260 | / | 60 |
| Blacksmith | 1 | 140 | / | 60 |
| Barracks | 1 | 160 | / | 60 |
| Arcane Sanctum | 1 | 150 | / | 140 |
| Gryphon Aviary | 1 | 140 | / | 150 |
| Keep | 1 | 320 | / | 210 |
| Castle | 1 | 360 | / | 210 |
| total: | 128 | 5810g | / | 3290w |
| 0:01 | Peasant |
| 0:01 | Peasant |
| 0:08 | Altar of Kings |
| 0:16 | Peasant |
| 0:17 | Farm |
| 0:19 | Peasant |
| 0:21 | Scout Tower |
| 0:33 | Peasant |
| 0:49 | Peasant |
| 0:56 | Farm |
| 1:00 | Scout Tower |
| 1:04 | Lumber Mill |
| 1:09 | Peasant |
| 1:21 | Peasant |
| 1:23 | Scout Tower |
| 1:35 | Peasant |
| 1:36 | Arcane Tower |
| 1:49 | Peasant |
| 1:50 | Peasant |
| 2:05 | Scout Tower |
| 2:05 | Guard Tower |
| 2:06 | Blizzard |
| 2:16 | Scout Tower |
| 2:18 | Peasant |
| 2:18 | Peasant |
| 2:38 | Guard Tower |
| 2:39 | Peasant |
| 2:51 | Peasant |
| 2:56 | Guard Tower |
| 2:58 | Scout Tower |
| 2:59 | Scout Tower |
| 3:27 | Brilliance Aura |
| 3:29 | Guard Tower |
| 3:48 | Keep |
| 3:49 | Improved Masonry |
| 3:52 | Guard Tower |
| 3:54 | Scout Tower |
| 4:12 | Farm |
| 4:13 | Farm |
| 4:16 | Scout Tower |
| 4:16 | Scout Tower |
| 4:36 | Staff of Teleportation |
| 4:37 | Boots of Speed |
| 4:43 | Guard Tower |
| 4:55 | Guard Tower |
| 5:15 | Guard Tower |
| 5:18 | Scout Tower |
| 5:18 | Scout Tower |
| 5:19 | Scout Tower |
| 5:19 | Scout Tower |
| 5:46 | Guard Tower |
| 6:24 | Guard Tower |
| 6:55 | Town Hall |
| 7:04 | Scout Tower |
| 7:05 | Scout Tower |
| 7:05 | Scout Tower |
| 7:05 | Scout Tower |
| 7:06 | Scout Tower |
| 7:06 | Scout Tower |
| 7:07 | Scout Tower |
| 7:07 | Scout Tower |
| 7:18 | Blizzard |
| 7:22 | Storm Bolt |
| 7:33 | Guard Tower |
| 7:39 | Arcane Sanctum |
| 7:52 | Guard Tower |
| 7:57 | Guard Tower |
| 8:07 | Guard Tower |
| 8:08 | Guard Tower |
| 8:10 | Healing Salve |
| 8:30 | Guard Tower |
| 8:33 | Guard Tower |
| 8:39 | Advanced Masonry |
| 9:43 | Bash |
| 9:47 | Castle |
| 9:48 | Guard Tower |
| 9:49 | Arcane Tower |
| 9:50 | Peasant |
| 9:50 | Peasant |
| 9:52 | Peasant |
| 9:53 | Scout Tower |
| 9:54 | Scout Tower |
| 9:54 | Scout Tower |
| 9:55 | Scout Tower |
| 9:55 | Scout Tower |
| 9:55 | Scout Tower |
| 10:07 | Magic Sentry |
| 10:07 | Priest |
| 10:11 | Arcane Tower |
| 10:44 | Guard Tower |
| 10:46 | Arcane Tower |
| 10:51 | Scout Tower |
| 10:51 | Scout Tower |
| 10:51 | Scout Tower |
| 10:52 | Scout Tower |
| 10:52 | Scout Tower |
| 10:53 | Scout Tower |
| 11:27 | Guard Tower |
| 11:34 | Scout Tower |
| 11:35 | Scout Tower |
| 11:35 | Scout Tower |
| 11:36 | Scout Tower |
| 11:36 | Scout Tower |
| 11:36 | Scout Tower |
| 12:26 | Arcane Vault |
| 12:36 | Guard Tower |
| 12:37 | Guard Tower |
| 12:37 | Guard Tower |
| 12:44 | Imbued Masonry |
| 12:53 | Scout Tower |
| 13:13 | Brilliance Aura |
| 13:19 | Storm Bolt |
| 13:34 | Holy Light |
| 13:42 | Guard Tower |
| 13:45 | Scout Tower |
| 13:45 | Scout Tower |
| 13:46 | Scout Tower |
| 13:46 | Scout Tower |
| 13:54 | Arcane Vault |
| 13:56 | Gryphon Aviary |
| 14:01 | Orb of Lightning |
| 14:02 | Healing Salve |
| 14:16 | Guard Tower |
| 14:34 | Staff of Teleportation |
| 14:40 | Boots of Speed |
| 15:15 | Guard Tower |
| 15:36 | Guard Tower |
| 15:39 | Scout Tower |
| 15:39 | Scout Tower |
| 15:44 | Staff of Teleportation |
| 15:52 | Staff of Sanctuary |
| 16:02 | Scout Tower |
| 16:03 | Scout Tower |
| 16:03 | Scout Tower |
| 16:04 | Scout Tower |
| 16:04 | Scout Tower |
| 16:07 | Dragonhawk Rider |
| 16:07 | Dragonhawk Rider |
| 16:10 | Staff of Sanctuary |
| 16:16 | Guard Tower |
| 16:20 | Scout Tower |
| 16:21 | Scout Tower |
| 16:21 | Scout Tower |
| 16:22 | Scout Tower |
| 16:24 | Scout Tower |
| 16:24 | Scout Tower |
| 16:25 | Scout Tower |
| 16:25 | Scout Tower |
| 16:35 | Medallion of Courage |
| 17:14 | Arcane Tower |
| 17:16 | Goblin Shredder |
| 17:22 | Goblin Zeppelin |
| 17:45 | Scout Tower |
| 17:45 | Scout Tower |
| 17:45 | Scout Tower |
| 17:46 | Scout Tower |
| 17:47 | Scout Tower |
| 17:47 | Scout Tower |
| 17:47 | Scout Tower |
| 17:52 | Farm |
| 17:55 | Guard Tower |
| 18:06 | Orb of Lightning |
| 18:23 | Boots of Speed |
| 18:36 | Dragonhawk Rider |
| 18:39 | Blacksmith |
| 18:41 | Barracks |
| 18:42 | Guard Tower |
| 18:52 | Scout Tower |
| 19:02 | Guard Tower |
| 19:05 | Guard Tower |
| 19:32 | Scout Tower |
| 19:32 | Scout Tower |
| 19:33 | Scout Tower |
| 19:33 | Scout Tower |
| 19:34 | Scout Tower |
| 19:34 | Scout Tower |
| 19:43 | Arcane Tower |
| 19:46 | Arcane Tower |
| 19:48 | Scout Tower |
| 19:49 | Guard Tower |
| 19:58 | Staff of Sanctuary |
| 20:13 | Arcane Tower |
| 20:18 | Studded Leather Armor |
| 20:18 | Iron Forged Swords |
| 20:49 | Dragonhawk Rider |
| 20:49 | Dragonhawk Rider |
| 20:49 | Dragonhawk Rider |
| 21:03 | Guard Tower |
| 21:05 | Peasant |
| 21:05 | Peasant |
| 21:21 | Guard Tower |
| 21:23 | Scout Tower |
| 21:24 | Scout Tower |
| 21:24 | Scout Tower |
| 21:24 | Scout Tower |
| 21:25 | Scout Tower |
| 21:31 | Guard Tower |
| 21:54 | Divine Shield |
| 22:13 | Potion of Mana |
| 22:14 | Potion of Mana |
| 22:25 | Scout Tower |
| 22:25 | Scout Tower |
| 22:58 | Scout Tower |
| 22:59 | Scout Tower |
| 22:59 | Scout Tower |
| 22:59 | Scout Tower |
| 23:03 | Dragonhawk Rider |
| 23:09 | Animal War Training |
| 23:11 | Reinforced Leather Armor |
| 23:18 | Guard Tower |
| 23:27 | Guard Tower |
| 23:31 | Scout Tower |
| 23:32 | Scout Tower |
| 23:33 | Scout Tower |
| 23:33 | Scout Tower |
| 23:38 | Dragonhawk Rider |
| 23:39 | Guard Tower |
| 23:41 | Farm |
| 23:42 | Farm |
| 23:55 | Scroll of Town Portal |
| 24:30 | Potion of Mana |
| 24:32 | Guard Tower |
| 24:41 | Blizzard |
| 24:42 | Bash |
| 25:32 | Holy Light |
| 25:39 | Guard Tower |
| 26:36 | Town Hall |
| 26:38 | Scout Tower |
| 26:39 | Scout Tower |
| 26:41 | Scout Tower |
| 26:41 | Scout Tower |
| 26:42 | Scout Tower |
| 26:43 | Scout Tower |
| 26:43 | Scout Tower |
| 26:44 | Scout Tower |
| 26:44 | Scout Tower |
| 26:45 | Scout Tower |
| 26:45 | Scout Tower |
| 26:46 | Scout Tower |
| 26:47 | Scout Tower |
| 26:47 | Scout Tower |
| 26:48 | Scout Tower |
| 26:48 | Scout Tower |
| 26:49 | Scout Tower |
| 26:49 | Scout Tower |
| 26:50 | Scout Tower |
| 26:50 | Scout Tower |
| 26:50 | Scout Tower |
| 27:37 | Guard Tower |
| 28:20 | Guard Tower |
| 28:24 | Storm Bolt |
| 28:29 | Divine Shield |
| 28:45 | Guard Tower |
| 29:02 | Guard Tower |
| 29:04 | Guard Tower |
| 29:27 | Arcane Tower |
| 32:20 | Cloud |
| 32:20 | Dragonhide Armor |
| 32:21 | Steel Forged Swords |
| 33:06 | Mass Teleport |
| 35:17 | Mithril Forged Swords |
| 38:19 | Goblin Zeppelin |
| Right click | 3344 |
| Select | 952 |
| Select group | 735 |
| Build/train/purchase | 486 |
| Use ability | 162 |
| Chat | 151 |
| Misc. action | 28 |
| Minimap ping | 28 |
| Assign group | 22 |
| Item give/drop | 11 |
| Resource trade | 11 |
| Remove unit | 2 |



x1)
| Potion of Healing | 2 | 300 |
| Staff of Sanctuary | 3 | 750 |
| Orb of Fire | 1 | 325 |
| Lesser Clarity Potion | 1 | 70 |
| Boots of Speed | 3 | 750 |
| Potion of Invisibility | 1 | 100 |
| Tome of Retraining | 1 | 300 |
| Staff of Teleportation | 3 | 450 |
| Orb of Lightning | 1 | 375 |
| Legion Doom-Horn | 1 | 500 |
| Ancient Janggo of Endurance | 1 | 500 |
| Pendant of Energy | 2 | 600 |
| total: | 20 | 5020g |
| Peasant | 27 | 2025 | / | 0 |
| Priest | 1 | 135 | / | 10 |
| Goblin Zeppelin | 1 | 240 | / | 60 |
| Goblin Shredder | 1 | 375 | / | 100 |
| Goblin Sapper | 2 | 430 | / | 200 |
| total: | 32 | 3205g | / | 370w |
| Scout Tower | 81 | 2430 | / | 1620 |
| Arcane Tower | 7 | 490 | / | 350 |
| Guard Tower | 31 | 2170 | / | 1550 |
| Altar of Kings | 1 | 180 | / | 50 |
| Lumber Mill | 1 | 120 | / | 0 |
| Farm | 5 | 400 | / | 100 |
| Town Hall | 1 | 385 | / | 205 |
| Arcane Vault | 3 | 390 | / | 90 |
| Arcane Sanctum | 1 | 150 | / | 140 |
| Keep | 1 | 320 | / | 210 |
| Castle | 2 | 720 | / | 420 |
| total: | 93 | 4055g | / | 2205w |
| 0:01 | Peasant |
| 0:04 | Altar of Kings |
| 0:07 | Peasant |
| 0:24 | Lumber Mill |
| 0:25 | Peasant |
| 0:29 | Farm |
| 0:34 | Peasant |
| 0:46 | Farm |
| 0:47 | Peasant |
| 1:04 | Peasant |
| 1:14 | Scout Tower |
| 1:14 | Peasant |
| 1:19 | Peasant |
| 1:29 | Scout Tower |
| 1:33 | Peasant |
| 1:39 | Peasant |
| 1:40 | Arcane Tower |
| 1:48 | Scout Tower |
| 1:57 | Peasant |
| 2:09 | Summon Water Elemental |
| 2:20 | Peasant |
| 2:21 | Arcane Tower |
| 2:22 | Scout Tower |
| 2:23 | Scout Tower |
| 2:24 | Peasant |
| 2:25 | Guard Tower |
| 2:26 | Scout Tower |
| 2:39 | Peasant |
| 2:43 | Improved Masonry |
| 2:43 | Advanced Masonry |
| 2:51 | Guard Tower |
| 2:55 | Scout Tower |
| 3:00 | Scout Tower |
| 3:22 | Guard Tower |
| 3:30 | Guard Tower |
| 3:34 | Scout Tower |
| 3:35 | Scout Tower |
| 4:19 | Keep |
| 4:30 | Guard Tower |
| 4:32 | Scout Tower |
| 4:37 | Brilliance Aura |
| 4:55 | Scout Tower |
| 4:56 | Farm |
| 5:02 | Scout Tower |
| 5:06 | Guard Tower |
| 5:55 | Scout Tower |
| 5:55 | Summon Water Elemental |
| 6:48 | Town Hall |
| 6:52 | Scout Tower |
| 6:53 | Scout Tower |
| 7:04 | Peasant |
| 7:12 | Improved Lumber Harvesting |
| 7:14 | Arcane Tower |
| 7:30 | Arcane Tower |
| 7:31 | Scout Tower |
| 7:49 | Guard Tower |
| 7:51 | Scout Tower |
| 7:52 | Scout Tower |
| 8:00 | Storm Bolt |
| 8:12 | Castle |
| 8:29 | Guard Tower |
| 8:43 | Peasant |
| 8:43 | Peasant |
| 8:43 | Peasant |
| 8:45 | Guard Tower |
| 8:46 | Scout Tower |
| 8:46 | Scout Tower |
| 8:47 | Scout Tower |
| 8:49 | Guard Tower |
| 9:23 | Guard Tower |
| 9:24 | Scout Tower |
| 9:26 | Scout Tower |
| 9:27 | Scout Tower |
| 9:28 | Scout Tower |
| 9:48 | Peasant |
| 9:48 | Peasant |
| 9:51 | Guard Tower |
| 9:54 | Scout Tower |
| 9:55 | Scout Tower |
| 9:55 | Scout Tower |
| 10:00 | Guard Tower |
| 10:02 | Scout Tower |
| 10:02 | Scout Tower |
| 10:03 | Scout Tower |
| 10:09 | Arcane Sanctum |
| 10:54 | Guard Tower |
| 10:55 | Scout Tower |
| 11:11 | Peasant |
| 11:12 | Peasant |
| 11:14 | Guard Tower |
| 11:16 | Scout Tower |
| 11:17 | Scout Tower |
| 11:18 | Arcane Tower |
| 11:24 | Arcane Tower |
| 11:32 | Scout Tower |
| 11:40 | Scout Tower |
| 11:41 | Scout Tower |
| 11:41 | Scout Tower |
| 11:44 | Peasant |
| 11:46 | Peasant |
| 11:51 | Guard Tower |
| 11:54 | Magic Sentry |
| 11:59 | Boots of Speed |
| 12:01 | Potion of Invisibility |
| 12:04 | Guard Tower |
| 12:08 | Scout Tower |
| 12:09 | Scout Tower |
| 12:11 | Guard Tower |
| 12:13 | Scout Tower |
| 12:14 | Scout Tower |
| 12:15 | Peasant |
| 12:15 | Peasant |
| 12:18 | Advanced Lumber Harvesting |
| 12:19 | Imbued Masonry |
| 12:41 | Legion Doom-Horn |
| 12:55 | Farm |
| 12:56 | Farm |
| 12:59 | Guard Tower |
| 13:02 | Scout Tower |
| 13:04 | Scout Tower |
| 13:06 | Guard Tower |
| 13:08 | Scout Tower |
| 13:09 | Scout Tower |
| 13:14 | Boots of Speed |
| 13:54 | Brilliance Aura |
| 14:02 | Bash |
| 14:12 | Guard Tower |
| 14:16 | Scout Tower |
| 14:17 | Scout Tower |
| 14:19 | Guard Tower |
| 14:28 | Scout Tower |
| 14:38 | Potion of Healing |
| 14:52 | Holy Light |
| 14:55 | Potion of Healing |
| 15:33 | Guard Tower |
| 15:39 | Scout Tower |
| 15:41 | Scout Tower |
| 15:42 | Scout Tower |
| 15:43 | Scout Tower |
| 15:47 | Arcane Vault |
| 15:48 | Arcane Vault |
| 15:50 | Arcane Vault |
| 15:58 | Boots of Speed |
| 16:17 | Guard Tower |
| 16:34 | Ancient Janggo of Endurance |
| 17:43 | Arcane Tower |
| 17:44 | Guard Tower |
| 17:45 | Scout Tower |
| 17:46 | Scout Tower |
| 17:46 | Scout Tower |
| 17:47 | Scout Tower |
| 17:51 | Tome of Retraining |
| 17:51 | Retrain Hero |
| 17:53 | Blizzard |
| 17:53 | Brilliance Aura |
| 18:17 | Scout Tower |
| 18:18 | Scout Tower |
| 18:18 | Scout Tower |
| 18:19 | Scout Tower |
| 18:19 | Scout Tower |
| 18:20 | Scout Tower |
| 18:21 | Scout Tower |
| 18:24 | Scout Tower |
| 18:24 | Scout Tower |
| 18:25 | Scout Tower |
| 18:25 | Scout Tower |
| 18:29 | Staff of Sanctuary |
| 18:32 | Staff of Sanctuary |
| 18:56 | Goblin Zeppelin |
| 19:14 | Staff of Sanctuary |
| 19:26 | Orb of Fire |
| 19:32 | Guard Tower |
| 19:35 | Scout Tower |
| 19:35 | Scout Tower |
| 19:36 | Scout Tower |
| 19:36 | Scout Tower |
| 19:37 | Scout Tower |
| 19:37 | Scout Tower |
| 19:38 | Scout Tower |
| 19:38 | Scout Tower |
| 19:39 | Scout Tower |
| 19:39 | Scout Tower |
| 19:46 | Staff of Teleportation |
| 20:03 | Pendant of Energy |
| 22:22 | Orb of Lightning |
| 23:21 | Guard Tower |
| 23:22 | Scout Tower |
| 23:23 | Scout Tower |
| 23:27 | Priest Adept Training |
| 23:28 | Priest |
| 24:03 | Staff of Teleportation |
| 24:33 | Divine Shield |
| 24:34 | Storm Bolt |
| 25:46 | Guard Tower |
| 26:21 | Holy Light |
| 26:22 | Staff of Teleportation |
| 27:22 | Peasant |
| 28:06 | Lesser Clarity Potion |
| 28:07 | Pendant of Energy |
| 30:24 | Bash |
| 31:30 | Guard Tower |
| 32:49 | Blizzard |
| 34:50 | Divine Shield |
| 35:39 | Storm Bolt |
| 41:23 | Goblin Shredder |
| 41:24 | Goblin Sapper |
| 41:24 | Goblin Sapper |
| Right click | 2141 |
| Select group | 2040 |
| Select | 549 |
| Assign group | 488 |
| Build/train/purchase | 192 |
| Use ability | 144 |
| Chat | 135 |
| Misc. action | 82 |
| Item give/drop | 13 |



| Staff of Sanctuary | 3 | 750 |
| Staff of Teleportation | 3 | 450 |
| Boots of Speed | 1 | 250 |
| Orb of Lightning | 2 | 750 |
| Healing Salve | 1 | 100 |
| Medallion of Courage | 1 | 500 |
| Legion Doom-Horn | 1 | 500 |
| total: | 12 | 3300g |
| Peasant | 24 | 1800 | / | 0 |
| Goblin Zeppelin | 1 | 240 | / | 60 |
| total: | 25 | 2040g | / | 60w |
| Scout Tower | 107 | 3210 | / | 2140 |
| Arcane Tower | 1 | 70 | / | 50 |
| Guard Tower | 40 | 2800 | / | 2000 |
| Altar of Kings | 1 | 180 | / | 50 |
| Farm | 4 | 320 | / | 80 |
| Lumber Mill | 1 | 120 | / | 0 |
| Town Hall | 1 | 385 | / | 205 |
| Arcane Vault | 2 | 260 | / | 60 |
| Arcane Sanctum | 1 | 150 | / | 140 |
| Keep | 1 | 320 | / | 210 |
| Castle | 2 | 720 | / | 420 |
| total: | 117 | 4625g | / | 2675w |
| 0:01 | Peasant |
| 0:07 | Altar of Kings |
| 0:09 | Peasant |
| 0:17 | Farm |
| 0:26 | Peasant |
| 0:35 | Scout Tower |
| 0:36 | Scout Tower |
| 0:38 | Peasant |
| 0:56 | Peasant |
| 1:04 | Lumber Mill |
| 1:07 | Peasant |
| 1:16 | Peasant |
| 1:28 | Arcane Tower |
| 1:34 | Scout Tower |
| 1:35 | Scout Tower |
| 1:36 | Peasant |
| 1:58 | Peasant |
| 2:06 | Guard Tower |
| 2:15 | Blizzard |
| 2:25 | Farm |
| 2:27 | Guard Tower |
| 2:54 | Scout Tower |
| 2:55 | Scout Tower |
| 2:56 | Scout Tower |
| 3:11 | Scout Tower |
| 3:20 | Peasant |
| 3:20 | Peasant |
| 3:23 | Guard Tower |
| 3:39 | Peasant |
| 3:44 | Scout Tower |
| 3:46 | Guard Tower |
| 3:48 | Scout Tower |
| 3:49 | Scout Tower |
| 4:25 | Brilliance Aura |
| 4:35 | Guard Tower |
| 4:38 | Peasant |
| 4:38 | Peasant |
| 4:54 | Scout Tower |
| 4:56 | Scout Tower |
| 4:56 | Scout Tower |
| 5:06 | Guard Tower |
| 5:07 | Scout Tower |
| 5:08 | Scout Tower |
| 5:08 | Guard Tower |
| 5:11 | Farm |
| 5:47 | Staff of Teleportation |
| 5:50 | Peasant |
| 5:50 | Peasant |
| 5:51 | Guard Tower |
| 5:53 | Scout Tower |
| 5:54 | Scout Tower |
| 6:01 | Guard Tower |
| 6:05 | Guard Tower |
| 6:24 | Scout Tower |
| 6:24 | Scout Tower |
| 6:25 | Scout Tower |
| 6:32 | Guard Tower |
| 6:35 | Peasant |
| 6:36 | Peasant |
| 6:40 | Blizzard |
| 7:07 | Guard Tower |
| 7:08 | Keep |
| 7:16 | Guard Tower |
| 7:18 | Guard Tower |
| 8:23 | Town Hall |
| 8:26 | Scout Tower |
| 8:26 | Scout Tower |
| 8:27 | Scout Tower |
| 8:42 | Scout Tower |
| 8:42 | Scout Tower |
| 8:43 | Scout Tower |
| 9:23 | Scout Tower |
| 9:23 | Scout Tower |
| 9:24 | Scout Tower |
| 9:24 | Scout Tower |
| 9:47 | Peasant |
| 9:48 | Peasant |
| 10:00 | Guard Tower |
| 10:01 | Peasant |
| 10:01 | Peasant |
| 10:04 | Scout Tower |
| 10:05 | Scout Tower |
| 10:06 | Scout Tower |
| 10:06 | Scout Tower |
| 10:53 | Storm Bolt |
| 10:59 | Brilliance Aura |
| 11:13 | Castle |
| 11:15 | Guard Tower |
| 11:17 | Improved Masonry |
| 11:25 | Guard Tower |
| 11:33 | Guard Tower |
| 11:35 | Peasant |
| 12:31 | Advanced Masonry |
| 12:32 | Improved Lumber Harvesting |
| 13:09 | Scout Tower |
| 13:09 | Scout Tower |
| 13:10 | Scout Tower |
| 13:11 | Scout Tower |
| 13:11 | Scout Tower |
| 13:12 | Scout Tower |
| 13:12 | Scout Tower |
| 13:24 | Arcane Sanctum |
| 13:30 | Bash |
| 13:47 | Guard Tower |
| 14:22 | Guard Tower |
| 14:28 | Scout Tower |
| 14:29 | Scout Tower |
| 14:29 | Scout Tower |
| 15:15 | Guard Tower |
| 15:16 | Scout Tower |
| 15:16 | Scout Tower |
| 15:17 | Scout Tower |
| 15:22 | Imbued Masonry |
| 15:23 | Magic Sentry |
| 15:27 | Scout Tower |
| 15:28 | Scout Tower |
| 15:29 | Scout Tower |
| 15:29 | Scout Tower |
| 15:33 | Arcane Vault |
| 15:33 | Arcane Vault |
| 15:38 | Orb of Lightning |
| 15:39 | Healing Salve |
| 15:50 | Holy Light |
| 15:59 | Peasant |
| 16:06 | Guard Tower |
| 16:11 | Orb of Lightning |
| 16:13 | Guard Tower |
| 16:27 | Guard Tower |
| 16:40 | Guard Tower |
| 17:03 | Staff of Sanctuary |
| 17:05 | Staff of Sanctuary |
| 17:39 | Scout Tower |
| 17:39 | Scout Tower |
| 17:40 | Scout Tower |
| 17:40 | Scout Tower |
| 17:41 | Scout Tower |
| 17:41 | Scout Tower |
| 17:42 | Scout Tower |
| 17:42 | Scout Tower |
| 17:48 | Staff of Teleportation |
| 18:49 | Staff of Sanctuary |
| 19:04 | Boots of Speed |
| 19:11 | Scout Tower |
| 19:11 | Scout Tower |
| 19:12 | Scout Tower |
| 19:12 | Scout Tower |
| 19:14 | Guard Tower |
| 19:42 | Guard Tower |
| 19:45 | Scout Tower |
| 19:46 | Scout Tower |
| 19:46 | Scout Tower |
| 19:46 | Scout Tower |
| 20:27 | Staff of Teleportation |
| 21:20 | Guard Tower |
| 21:22 | Scout Tower |
| 21:22 | Scout Tower |
| 21:23 | Scout Tower |
| 21:23 | Scout Tower |
| 21:26 | Scout Tower |
| 21:27 | Scout Tower |
| 21:28 | Scout Tower |
| 21:28 | Scout Tower |
| 21:30 | Scout Tower |
| 21:30 | Scout Tower |
| 21:31 | Scout Tower |
| 21:32 | Scout Tower |
| 21:32 | Scout Tower |
| 21:33 | Scout Tower |
| 21:34 | Scout Tower |
| 21:36 | Scout Tower |
| 21:36 | Scout Tower |
| 21:38 | Scout Tower |
| 21:38 | Scout Tower |
| 21:39 | Scout Tower |
| 21:41 | Scout Tower |
| 21:41 | Scout Tower |
| 21:42 | Scout Tower |
| 21:49 | Farm |
| 21:53 | Guard Tower |
| 24:21 | Medallion of Courage |
| 25:03 | Storm Bolt |
| 25:06 | Divine Shield |
| 25:43 | Blizzard |
| 26:07 | Guard Tower |
| 26:08 | Guard Tower |
| 26:33 | Guard Tower |
| 26:36 | Scout Tower |
| 26:36 | Scout Tower |
| 26:37 | Scout Tower |
| 26:38 | Scout Tower |
| 26:39 | Scout Tower |
| 26:39 | Scout Tower |
| 26:40 | Scout Tower |
| 26:41 | Scout Tower |
| 26:41 | Scout Tower |
| 27:00 | Guard Tower |
| 28:01 | Holy Light |
| 28:35 | Bash |
| 29:42 | Legion Doom-Horn |
| 31:04 | Guard Tower |
| 31:07 | Scout Tower |
| 31:07 | Scout Tower |
| 31:09 | Scout Tower |
| 31:09 | Scout Tower |
| 31:09 | Scout Tower |
| 33:01 | Divine Shield |
| 35:54 | Storm Bolt |
| 35:59 | Mass Teleport |
| 40:06 | Guard Tower |
| 40:19 | Scout Tower |
| 40:20 | Scout Tower |
| 41:02 | Goblin Zeppelin |
| Right click | 1847 |
| Select | 1395 |
| Select group | 603 |
| Chat | 149 |
| Build/train/purchase | 143 |
| Use ability | 98 |
| Assign group | 89 |
| Misc. action | 50 |
| Minimap ping | 22 |
| Resource trade | 8 |
| Item give/drop | 3 |
182 units @ 34k
/ 7.2k
96 buildings @ 13.1k
/ 5.6k

| Scroll of Regeneration | 2 | 200 |
| Lesser Clarity Potion | 2 | 140 |
| total: | 4 | 340g |
| Peasant | 14 | 1050 | / | 0 |
| Footman | 6 | 810 | / | 0 |
| Knight | 13 | 3185 | / | 780 |
| Mortar Team | 6 | 1080 | / | 420 |
| total: | 39 | 6125g | / | 1200w |
| Scout Tower | 10 | 300 | / | 200 |
| Guard Tower | 2 | 140 | / | 100 |
| Arcane Tower | 1 | 70 | / | 50 |
| Altar of Kings | 1 | 180 | / | 50 |
| Farm | 14 | 1120 | / | 280 |
| Barracks | 2 | 320 | / | 120 |
| Lumber Mill | 1 | 120 | / | 0 |
| Blacksmith | 1 | 140 | / | 60 |
| Arcane Vault | 1 | 130 | / | 30 |
| Town Hall | 1 | 385 | / | 205 |
| Workshop | 3 | 420 | / | 420 |
| Keep | 1 | 320 | / | 210 |
| Castle | 1 | 360 | / | 210 |
| total: | 34 | 3115g | / | 1365w |
| 0:05 | Peasant |
| 0:05 | Peasant |
| 0:22 | Peasant |
| 0:38 | Altar of Kings |
| 0:41 | Farm |
| 0:43 | Farm |
| 0:47 | Peasant |
| 0:49 | Peasant |
| 0:50 | Peasant |
| 0:52 | Peasant |
| 0:52 | Peasant |
| 1:10 | Barracks |
| 1:16 | Farm |
| 1:23 | Farm |
| 1:32 | Peasant |
| 1:52 | Farm |
| 1:57 | Peasant |
| 2:03 | Lumber Mill |
| 2:08 | Peasant |
| 2:12 | Farm |
| 2:19 | Footman |
| 2:46 | Holy Light |
| 2:48 | Footman |
| 2:49 | Footman |
| 3:01 | Farm |
| 3:09 | Farm |
| 3:11 | Footman |
| 3:40 | Keep |
| 3:49 | Farm |
| 4:01 | Blacksmith |
| 4:54 | Arcane Vault |
| 5:01 | Footman |
| 5:05 | Scout Tower |
| 5:07 | Scout Tower |
| 5:11 | Farm |
| 5:16 | Iron Forged Swords |
| 5:18 | Footman |
| 5:39 | Devotion Aura |
| 6:02 | Castle |
| 6:04 | Guard Tower |
| 6:39 | Holy Light |
| 7:12 | Farm |
| 7:14 | Arcane Tower |
| 7:17 | Scout Tower |
| 7:20 | Steel Forged Swords |
| 7:25 | Iron Plating |
| 7:27 | Improved Lumber Harvesting |
| 7:34 | Town Hall |
| 7:50 | Scroll of Regeneration |
| 7:53 | Lesser Clarity Potion |
| 8:12 | Guard Tower |
| 8:19 | Farm |
| 8:19 | Farm |
| 8:32 | Knight |
| 8:34 | Sundering Blades |
| 8:35 | Animal War Training |
| 8:48 | Barracks |
| 8:59 | Advanced Lumber Harvesting |
| 9:54 | Knight |
| 10:22 | Farm |
| 10:24 | Peasant |
| 10:25 | Peasant |
| 10:25 | Peasant |
| 10:28 | Knight |
| 10:31 | Knight |
| 10:48 | Mithril Forged Swords |
| 11:00 | Knight |
| 11:12 | Knight |
| 11:16 | Knight |
| 11:42 | Lesser Clarity Potion |
| 11:45 | Scroll of Regeneration |
| 12:07 | Knight |
| 12:09 | Knight |
| 12:54 | Knight |
| 12:54 | Knight |
| 13:29 | Steel Plating |
| 13:32 | Knight |
| 13:32 | Knight |
| 17:13 | Workshop |
| 17:14 | Workshop |
| 17:17 | Workshop |
| 17:29 | Black Gunpowder |
| 18:00 | Scout Tower |
| 18:01 | Scout Tower |
| 18:01 | Scout Tower |
| 18:03 | Scout Tower |
| 18:04 | Scout Tower |
| 18:04 | Scout Tower |
| 18:05 | Scout Tower |
| 18:56 | Mortar Team |
| 18:57 | Mortar Team |
| 18:58 | Mortar Team |
| 18:59 | Mortar Team |
| 19:00 | Mortar Team |
| 19:00 | Mortar Team |
| Right click | 441 |
| Select | 202 |
| Build/train/purchase | 84 |
| Select group | 36 |
| Assign group | 27 |
| Use ability | 26 |
| Chat | 20 |
| Item give/drop | 4 |
| Minimap ping | 4 |
| Misc. action | 3 |
| Remove unit | 2 |


| Rod of Necromancy | 1 | 150 |
| Sacrificial Skull | 1 | 50 |
| Potion of Healing | 1 | 150 |
| Orb of Corruption | 1 | 375 |
| Lesser Clarity Potion | 2 | 140 |
| Scroll of Town Portal | 4 | 1400 |
| Staff of Sanctuary | 1 | 250 |
| total: | 11 | 2515g |
| Acolyte | 8 | 600 | / | 0 |
| Ghoul | 5 | 600 | / | 0 |
| Crypt Fiend | 9 | 1935 | / | 360 |
| Meat Wagon | 10 | 2300 | / | 500 |
| Mortar Team | 5 | 900 | / | 350 |
| Peasant | 5 | 375 | / | 0 |
| total: | 42 | 6710g | / | 1210w |
| Spirit Tower | 2 | 290 | / | 80 |
| Ziggurat | 11 | 1650 | / | 550 |
| Altar of Darkness | 1 | 180 | / | 50 |
| Crypt | 2 | 400 | / | 100 |
| Tomb of Relics | 1 | 130 | / | 30 |
| Graveyard | 1 | 215 | / | 0 |
| Slaughterhouse | 2 | 280 | / | 270 |
| Halls of the Dead | 2 | 640 | / | 420 |
| Black Citadel | 1 | 325 | / | 230 |
| total: | 18 | 2855g | / | 1000w |
| 0:04 | Acolyte |
| 0:04 | Acolyte |
| 0:09 | Ziggurat |
| 0:14 | Altar of Darkness |
| 0:41 | Crypt |
| 1:16 | Tomb of Relics |
| 1:49 | Ghoul |
| 1:49 | Ghoul |
| 1:49 | Ghoul |
| 1:55 | Ziggurat |
| 2:14 | Graveyard |
| 2:21 | Rod of Necromancy |
| 2:23 | Death Coil |
| 3:00 | Ghoul |
| 3:05 | Ghoul |
| 3:17 | Ziggurat |
| 3:37 | Crypt Fiend |
| 4:17 | Crypt Fiend |
| 4:48 | Crypt |
| 4:50 | Crypt Fiend |
| 5:06 | Ziggurat |
| 5:11 | Ziggurat |
| 5:30 | Crypt Fiend |
| 5:32 | Creature Attack |
| 5:51 | Crypt Fiend |
| 6:15 | Unholy Aura |
| 6:38 | Crypt Fiend |
| 6:42 | Creature Carapace |
| 6:51 | Halls of the Dead |
| 7:38 | Death Coil |
| 8:06 | Crypt Fiend |
| 8:11 | Ziggurat |
| 9:21 | Crypt Fiend |
| 9:35 | Improved Creature Attack |
| 10:03 | Web |
| 10:28 | Burrow |
| 10:42 | Acolyte |
| 10:42 | Acolyte |
| 10:42 | Acolyte |
| 11:30 | Sacrificial Skull |
| 11:35 | Acolyte |
| 11:36 | Acolyte |
| 11:36 | Acolyte |
| 12:00 | Frost Nova |
| 12:07 | Ziggurat |
| 12:11 | Ziggurat |
| 12:58 | Improved Creature Carapace |
| 13:07 | Spirit Tower |
| 13:59 | Ziggurat |
| 14:00 | Ziggurat |
| 14:02 | Ziggurat |
| 15:33 | Black Citadel |
| 15:37 | Scroll of Town Portal |
| 15:46 | Spirit Tower |
| 16:04 | Slaughterhouse |
| 16:07 | Slaughterhouse |
| 16:59 | Crypt Fiend |
| 17:12 | Meat Wagon |
| 17:13 | Meat Wagon |
| 17:58 | Disease Cloud |
| 18:41 | Unholy Strength |
| 19:24 | Meat Wagon |
| 21:25 | Meat Wagon |
| 21:30 | Potion of Healing |
| 21:34 | Orb of Corruption |
| 21:45 | Scroll of Town Portal |
| 21:45 | Scroll of Town Portal |
| 22:02 | Meat Wagon |
| 23:18 | Unholy Aura |
| 23:20 | Frost Armor |
| 26:18 | Meat Wagon |
| 26:19 | Meat Wagon |
| 26:22 | Improved Unholy Strength |
| 26:33 | Fragmentation Shards |
| 26:34 | Flare |
| 26:35 | Mortar Team |
| 26:55 | Peasant |
| 26:55 | Peasant |
| 26:56 | Peasant |
| 26:56 | Peasant |
| 26:56 | Peasant |
| 27:49 | Lesser Clarity Potion |
| 27:49 | Lesser Clarity Potion |
| 27:57 | Staff of Sanctuary |
| 28:01 | Scroll of Town Portal |
| 28:47 | Meat Wagon |
| 29:19 | Mortar Team |
| 29:19 | Mortar Team |
| 29:19 | Mortar Team |
| 29:20 | Mortar Team |
| 31:21 | Meat Wagon |
| 31:21 | Meat Wagon |
| 31:25 | Advanced Unholy Strength |
| Right click | 735 |
| Select | 347 |
| Build/train/purchase | 101 |
| Use ability | 35 |
| Select group | 28 |
| Assign group | 7 |
| Misc. action | 7 |
| Item give/drop | 6 |
| Remove unit | 2 |
| Minimap ping | 1 |

| Potion of Mana | 4 | 800 |
| Potion of Healing | 1 | 150 |
| total: | 5 | 950g |
| Acolyte | 9 | 675 | / | 0 |
| Ghoul | 6 | 720 | / | 0 |
| Crypt Fiend | 18 | 3870 | / | 720 |
| Frost Wyrm | 14 | 5390 | / | 1680 |
| Peasant | 7 | 525 | / | 0 |
| total: | 54 | 11180g | / | 2400w |
| Spirit Tower | 7 | 1015 | / | 280 |
| Nerubian Tower | 1 | 100 | / | 20 |
| Altar of Darkness | 1 | 180 | / | 50 |
| Ziggurat | 10 | 1500 | / | 500 |
| Crypt | 1 | 200 | / | 50 |
| Graveyard | 1 | 215 | / | 0 |
| Tomb of Relics | 1 | 130 | / | 30 |
| Sacrificial Pit | 1 | 75 | / | 150 |
| Boneyard | 2 | 350 | / | 400 |
| Halls of the Dead | 1 | 320 | / | 210 |
| Black Citadel | 1 | 325 | / | 230 |
| total: | 17 | 2650g | / | 1180w |
| 0:09 | Altar of Darkness |
| 0:12 | Ziggurat |
| 0:15 | Crypt |
| 0:29 | Acolyte |
| 0:29 | Acolyte |
| 0:45 | Acolyte |
| 1:01 | Acolyte |
| 1:20 | Ghoul |
| 1:23 | Ghoul |
| 1:32 | Ghoul |
| 1:53 | Ghoul |
| 2:09 | Graveyard |
| 2:27 | Ziggurat |
| 2:36 | Frost Nova |
| 2:40 | Tomb of Relics |
| 3:11 | Halls of the Dead |
| 3:41 | Ziggurat |
| 3:42 | Ziggurat |
| 4:07 | Crypt Fiend |
| 4:18 | Spirit Tower |
| 4:50 | Crypt Fiend |
| 5:24 | Crypt Fiend |
| 5:42 | Black Citadel |
| 5:49 | Frost Armor |
| 5:57 | Web |
| 6:12 | Creature Carapace |
| 6:31 | Creature Attack |
| 7:26 | Crypt Fiend |
| 7:35 | Ziggurat |
| 8:00 | Crypt Fiend |
| 8:18 | Dark Ritual |
| 8:27 | Acolyte |
| 8:27 | Acolyte |
| 8:28 | Acolyte |
| 8:28 | Acolyte |
| 8:32 | Acolyte |
| 9:22 | Spirit Tower |
| 9:24 | Nerubian Tower |
| 9:26 | Spirit Tower |
| 10:14 | Crypt Fiend |
| 10:16 | Improved Creature Carapace |
| 10:25 | Sacrificial Pit |
| 10:35 | Ghoul |
| 10:46 | Ziggurat |
| 10:47 | Ziggurat |
| 10:55 | Ziggurat |
| 11:02 | Ghoul |
| 11:19 | Ziggurat |
| 11:33 | Potion of Mana |
| 11:37 | Potion of Mana |
| 11:41 | Crypt Fiend |
| 11:42 | Crypt Fiend |
| 11:50 | Spirit Tower |
| 11:52 | Spirit Tower |
| 12:14 | Improved Creature Attack |
| 12:54 | Boneyard |
| 13:25 | Crypt Fiend |
| 13:26 | Crypt Fiend |
| 13:49 | Advanced Creature Attack |
| 14:18 | Frost Wyrm |
| 14:24 | Frost Wyrm |
| 15:22 | Freezing Breath |
| 15:47 | Spirit Tower |
| 15:51 | Ziggurat |
| 16:30 | Advanced Creature Carapace |
| 16:49 | Frost Nova |
| 16:57 | Frost Wyrm |
| 17:07 | Spirit Tower |
| 17:14 | Frost Wyrm |
| 18:29 | Frost Wyrm |
| 18:30 | Frost Wyrm |
| 18:40 | Frost Nova |
| 18:54 | Boneyard |
| 19:20 | Potion of Healing |
| 19:49 | Frost Wyrm |
| 21:04 | Frost Wyrm |
| 21:05 | Frost Wyrm |
| 24:39 | Frost Wyrm |
| 24:40 | Frost Wyrm |
| 24:40 | Frost Wyrm |
| 24:48 | Death and Decay |
| 26:04 | Frost Wyrm |
| 26:06 | Frost Wyrm |
| 26:54 | Peasant |
| 26:54 | Peasant |
| 26:54 | Peasant |
| 26:54 | Peasant |
| 26:55 | Peasant |
| 26:55 | Peasant |
| 26:56 | Peasant |
| 27:43 | Potion of Mana |
| 27:47 | Potion of Mana |
| 29:19 | Crypt Fiend |
| 29:20 | Crypt Fiend |
| 30:50 | Crypt Fiend |
| 30:50 | Crypt Fiend |
| 30:50 | Crypt Fiend |
| 30:50 | Crypt Fiend |
| 30:50 | Crypt Fiend |
| 30:51 | Crypt Fiend |
| Right click | 842 |
| Select group | 485 |
| Select | 323 |
| Build/train/purchase | 91 |
| Assign group | 30 |
| Use ability | 18 |
| Resource trade | 7 |
| Item give/drop | 3 |
| Remove unit | 3 |
| Minimap ping | 3 |

| Rod of Necromancy | 2 | 300 |
| Sacrificial Skull | 1 | 50 |
| Potion of Healing | 6 | 900 |
| Scroll of Town Portal | 4 | 1400 |
| Scroll of Healing | 1 | 250 |
| Potion of Greater Healing | 1 | 400 |
| total: | 15 | 3300g |
| Acolyte | 7 | 525 | / | 0 |
| Ghoul | 10 | 1200 | / | 0 |
| Crypt Fiend | 6 | 1290 | / | 240 |
| Frost Wyrm | 11 | 4235 | / | 1320 |
| Goblin Shredder | 1 | 375 | / | 100 |
| Siege Engine | 12 | 2340 | / | 720 |
| total: | 47 | 9965g | / | 2380w |
| Nerubian Tower | 2 | 200 | / | 40 |
| Spirit Tower | 6 | 870 | / | 240 |
| Crypt | 1 | 200 | / | 50 |
| Graveyard | 1 | 215 | / | 0 |
| Ziggurat | 9 | 1350 | / | 450 |
| Altar of Darkness | 1 | 180 | / | 50 |
| Tomb of Relics | 1 | 130 | / | 30 |
| Necropolis | 2 | 450 | / | 0 |
| Sacrificial Pit | 1 | 75 | / | 150 |
| Boneyard | 4 | 700 | / | 800 |
| Halls of the Dead | 1 | 320 | / | 210 |
| Black Citadel | 1 | 325 | / | 230 |
| Town Hall | 2 | 770 | / | 410 |
| Farm | 5 | 400 | / | 100 |
| total: | 27 | 4470g | / | 2040w |
| 0:06 | Acolyte |
| 0:07 | Acolyte |
| 0:10 | Crypt |
| 0:19 | Graveyard |
| 0:46 | Ziggurat |
| 1:08 | Altar of Darkness |
| 1:13 | Ghoul |
| 2:02 | Ziggurat |
| 2:04 | Ghoul |
| 2:08 | Tomb of Relics |
| 2:18 | Nerubian Tower |
| 2:20 | Ghoul |
| 2:34 | Unholy Strength |
| 2:44 | Ghoul |
| 2:54 | Ghoul |
| 3:05 | Unholy Armor |
| 3:10 | Death Coil |
| 3:20 | Rod of Necromancy |
| 3:25 | Sacrificial Skull |
| 3:40 | Ghoul |
| 3:45 | Acolyte |
| 4:42 | Necropolis |
| 4:45 | Ziggurat |
| 4:52 | Unholy Aura |
| 5:00 | Ghoul |
| 5:01 | Ghoul |
| 6:01 | Death Coil |
| 6:27 | Nerubian Tower |
| 6:30 | Acolyte |
| 6:30 | Acolyte |
| 6:30 | Acolyte |
| 6:30 | Acolyte |
| 6:33 | Ziggurat |
| 6:35 | Ziggurat |
| 6:39 | Ziggurat |
| 7:22 | Halls of the Dead |
| 7:24 | Ghoul |
| 7:24 | Ghoul |
| 7:25 | Spirit Tower |
| 7:29 | Ziggurat |
| 7:32 | Creature Attack |
| 7:41 | Spirit Tower |
| 7:43 | Spirit Tower |
| 7:52 | Rod of Necromancy |
| 7:56 | Potion of Healing |
| 8:03 | Creature Carapace |
| 8:11 | Spirit Tower |
| 8:40 | Crypt Fiend |
| 8:41 | Crypt Fiend |
| 8:44 | Spirit Tower |
| 8:49 | Ziggurat |
| 9:17 | Crypt Fiend |
| 9:43 | Black Citadel |
| 9:46 | Sacrificial Pit |
| 9:54 | Web |
| 10:01 | Improved Creature Attack |
| 10:18 | Crypt Fiend |
| 10:22 | Improved Creature Carapace |
| 11:48 | Crypt Fiend |
| 11:49 | Crypt Fiend |
| 11:56 | Goblin Shredder |
| 12:13 | Unholy Aura |
| 12:25 | Boneyard |
| 12:30 | Boneyard |
| 12:41 | Boneyard |
| 12:57 | Spirit Tower |
| 13:10 | Boneyard |
| 13:23 | Advanced Creature Attack |
| 14:07 | Frost Wyrm |
| 14:10 | Frost Wyrm |
| 14:21 | Advanced Creature Carapace |
| 15:20 | Frost Wyrm |
| 15:22 | Scroll of Town Portal |
| 15:23 | Potion of Healing |
| 15:29 | Frost Wyrm |
| 15:43 | Freezing Breath |
| 17:46 | Potion of Greater Healing |
| 19:37 | Frost Wyrm |
| 19:45 | Unholy Aura |
| 19:47 | Scroll of Town Portal |
| 19:47 | Potion of Healing |
| 19:48 | Potion of Healing |
| 19:59 | Scroll of Healing |
| 21:10 | Scroll of Town Portal |
| 21:15 | Frost Wyrm |
| 23:22 | Frost Wyrm |
| 23:24 | Frost Wyrm |
| 23:54 | Frost Wyrm |
| 25:03 | Frost Wyrm |
| 25:06 | Frost Wyrm |
| 25:39 | Potion of Healing |
| 26:41 | Scroll of Town Portal |
| 26:51 | Potion of Healing |
| 27:34 | Animate Dead |
| 30:56 | Barrage |
| 30:57 | Siege Engine |
| 30:58 | Siege Engine |
| 30:58 | Siege Engine |
| 30:58 | Siege Engine |
| 30:58 | Siege Engine |
| 30:58 | Siege Engine |
| 30:58 | Siege Engine |
| 31:05 | Siege Engine |
| 31:05 | Siege Engine |
| 31:07 | Siege Engine |
| 31:07 | Siege Engine |
| 31:07 | Siege Engine |
| 31:50 | Iron Plating |
| 36:16 | Necropolis |
| 36:24 | Ziggurat |
| 36:49 | Town Hall |
| 37:09 | Town Hall |
| 37:43 | Farm |
| 37:57 | Farm |
| 38:36 | Farm |
| 38:47 | Farm |
| 39:41 | Farm |
| Right click | 928 |
| Select | 331 |
| Build/train/purchase | 128 |
| Use ability | 37 |
| Resource trade | 14 |
| Minimap ping | 3 |
| Remove unit | 2 |
| Item give/drop | 1 |
⇛